Map: Orbital Shipyard

Players

MorN

  • Race: Terran Terran
  • League: Master

Serenity - Winner!

  • Race: Protoss Protoss
  • League: Master

VOD

Have the link to the VOD?

Description

Time

  • Played on: Nov. 21, 2015, 8:25 p.m.
  • Length: 8:18
Show
View Real Time Build Order
Export as new Build Order

MorN Terran 

Build Orders: MMM Bio 

Get SALT Encoding   

  12  0:00  SCV  
  13  0:13  SCV  
  14  0:17  Supply Depot  
  14  0:25  SCV  
  15  0:39  SCV, Barracks  
  16  0:44  Refinery  
  16  0:51  SCV  
  17  1:03  SCV  
  18  1:15  SCV  
  19  1:27  Orbital Command  
  19  1:28  Marine  
  20  1:40  Command Center  
  20  1:53  Factory  
  20  1:55  Marine  
  21  2:02  SCV  
  22  2:14  SCV  
  23  2:18  Supply Depot  
  23  2:39  Marine  
  23  2:40  SCV, Factory Tech Lab  
  23  2:41  Barracks  
  25  2:55  Orbital Command  
  25  2:56  SCV  
  26  3:02  Cyclone, Marine  
  30  3:08  SCV  
  30  3:20  SCV  
  30  3:21  Command Center, Marine  
  33  3:29  Engineering Bay  
  33  3:32  SCV  
  33  3:33  Refinery  
  33  3:34  SCV  
  34  3:42  Marine  
  34  3:44  Stimpack, Marine  
  34  3:47  SCV x2  
  38  3:59  SCV  
  38  4:04  SCV  
  38  4:05  Factory Reactor  
  38  4:11  SCV  
  38  4:16  SCV, Barracks Tech Lab  
  40  4:17  Supply Depot  
  40  4:19  Missile Turret  
  40  4:24  SCV  
  41  4:28  SCV, Supply Depot  
  42  4:35  Orbital Command  
  42  4:36  SCV, Barracks  
  42  4:37  Marine  
  44  4:40  SCV  
  45  4:48  SCV  
  47  4:52  SCV  
  47  4:55  Starport  
  47  4:58  Marauder x2  
  51  5:00  SCV  
  51  5:01  Factory Reactor  
  51  5:02  SCV, Refinery  
  51  5:04  Combat Shields  
  51  5:05  SCV  
  54  5:12  SCV  
  55  5:18  SCV  
  56  5:22  Terran Infantry Weapons Level 1  
  56  5:25  SCV  
  57  5:33  SCV  
  58  5:35  Supply Depot  
  58  5:37  Marine x2  
  58  5:38  Marauder x2  
  64  5:43  SCV  
  64  5:45  Bunker  
  64  5:46  Missile Turret  
  65  5:55  SCV  
  66  6:01  Marine x2  
  66  6:02  Marauder, Marine  
  66  6:03  Medivac x2  
  71  6:05  Factory Reactor  
  71  6:09  Supply Depot  
  71  6:10  SCV  
  71  6:11  Refinery  
  72  6:14  Concussive Shells  
  72  6:20  Marauder, Marine  
  72  6:22  SCV  
  72  6:23  SCV  
  74  6:35  SCV  
  74  6:36  SCV x2, Missile Turret  
  74  6:37  Missile Turret  
  74  6:38  Medivac  
  74  6:39  Orbital Command  
  79  6:44  Supply Depot  
  79  6:47  SCV  
  79  6:55  Liberator x2  
  79  7:00  Marine  
  79  7:01  Marine x3  
  82  7:06  Barracks  
  83  7:08  Barracks x2  
  83  7:09  Barracks  
  83  7:10  Barracks  
  83  7:15  SCV  
  90  7:16  SCV  
  90  7:19  Marauder x2  
  90  7:20  SCV  
  96  7:25  Widow Mine, Marine x2  
  96  7:27  SCV  
  101  7:31  Supply Depot x2  
  101  7:32  Supply Depot  
  101  7:34  Supply Depot  
  101  7:35  Supply Depot  
  101  7:41  Refinery  
  101  7:44  Missile Turret  
  101  7:45  Refinery  
  101  7:50  Armory, Engineering Bay  
  101  7:52  SCV x2  
  101  7:53  Marauder  
Show
View Real Time Build Order
Export as new Build Order

Serenity Protoss - Winner!

Build Orders: Phoenix Opening, Zealot Archon 

Get SALT Encoding   

  12  0:01  Probe (Chrono Boost)  
  13  0:11  Probe (Chrono Boost)  
  14  0:20  Pylon  
  14  0:22  Probe (Chrono Boost)  
  15  0:38  Probe (Chrono Boost)  
  16  0:49  Probe (Chrono Boost)  
  17  0:59  Probe (Chrono Boost)  
  18  1:06  Nexus  
  18  1:10  Probe (Chrono Boost)  
  19  1:12  Gateway  
  19  1:20  Probe (Chrono Boost)  
  19  1:23  Assimilator  
  20  1:31  Probe (Chrono Boost)  
  20  1:32  Assimilator  
  21  1:38  Pylon  
  21  1:41  Probe (Chrono Boost)  
  22  1:52  Probe (Chrono Boost)  
  22  2:00  Cybernetics Core  
  22  2:02  Probe (Chrono Boost)  
  23  2:13  Probe (Chrono Boost)  
  24  2:20  Probe (Chrono Boost)  
  25  2:24  Probe (Chrono Boost)  
  25  2:27  Pylon  
  26  2:30  Probe (Chrono Boost)  
  26  2:34  Probe (Chrono Boost)  
  28  2:37  Stargate  
  28  2:41  Probe (Chrono Boost)  
  29  2:44  Mothership Core (Chrono Boost)  
  29  2:50  Warp Gate  
  32  2:51  Probe (Chrono Boost)  
  32  2:55  Adept (Chrono Boost)  
  34  3:01  Probe  
  34  3:02  Probe (Chrono Boost)  
  36  3:14  Probe x2 (Chrono Boost)  
  38  3:21  Pylon  
  38  3:22  Phoenix (Chrono Boost)  
  38  3:23  Probe  
  38  3:24  Probe  
  42  3:32  Assimilator  
  42  3:34  Probe (Chrono Boost)  
  42  3:36  Probe (Chrono Boost)  
  42  3:39  Assimilator  
  44  3:44  Probe (Chrono Boost), Phoenix (Chrono Boost)  
  44  3:48  Probe  
  48  3:55  Probe  
  48  4:00  Probe  
  50  4:05  Probe  
  50  4:07  Phoenix (Chrono Boost)  
  51  4:12  Probe  
  52  4:18  Twilight Council  
  52  4:20  Gateway  
  52  4:21  Gateway  
  52  4:26  Gateway  
  52  4:27  Gateway  
  52  4:28  Probe, Phoenix (Chrono Boost)  
  55  4:32  Gateway  
  55  4:38  Gateway  
  55  4:40  Gateway  
  55  4:48  Phoenix (Chrono Boost)  
  57  4:59  Charge (Chrono Boost)  
  57  5:07  Nexus  
  57  5:08  Phoenix  
  59  5:15  Probe  
  59  5:17  Probe  
  61  5:24  Pylon  
  61  5:27  Probe, Pylon  
  62  5:28  Forge  
  62  5:33  Forge  
  62  5:38  Phoenix  
  62  5:40  Pylon  
  62  5:42  Probe x2  
  66  5:44  Pylon  
  66  5:51  Pylon  
  66  5:54  Probe x2  
  68  6:05  Zealot x3  
  68  6:06  Probe x2, Protoss Ground Weapons Level 1 (Chrono Boost)  
  68  6:08  Protoss Ground Armor Level 1 (Chrono Boost)  
  76  6:17  Templar Archives  
  76  6:24  Pylon  
  76  6:34  Zealot  
  76  6:35  Zealot x5  
  88  6:45  Probe  
  88  6:46  Probe  
  88  6:47  Probe  
  91  6:49  Pylon  
  91  6:52  Assimilator  
  91  6:53  Assimilator  
  91  6:56  Probe  
  91  6:59  Probe  
  89  7:02  Sentry x2  
  89  7:03  Zealot x4  
  89  7:07  High Templar x2  
  105  7:19  Gateway, Probe x2  
  107  7:25  Archon  
  107  7:26  High Templar x2  
  107  7:27  High Templar  
  107  7:28  High Templar  
  107  7:29  Zealot x2  
  119  7:38  Probe x2  
  119  7:40  Pylon  
  121  7:44  Gateway  
  121  7:45  Archon x2  
  121  7:47  Pylon, Zealot x2  
  123  8:06  Pylon  
  123  8:11  Pylon  
Tags
 
Add a new tag
Caveats
  • Supply blocks, unpowered buildings, or Contaminate may cause inaccurate times.
  • Supply counts are checked every 10 seconds.